[Event "Titled Tuesday Blitz February 22 Early 2022"]
[White "Vokhidov, Shamsiddin"]
[Black "Ponkratov, Pavel"]
[WhiteFideId "14204223"]
[BlackFideId "4157800"]
[WhiteElo "2611"]
[BlackElo "2487"]
[Result "1-0"]
[Round "05"]
[TimeControl "180+1"]
[Date "2022.02.22"]
[WhiteClock "0:00:21"]
[BlackClock "0:00:13"]

1. e4 c5 2. Nf3 b6 3. d4 cxd4 4. Nxd4 Bb7 5. Nc3 a6 6. Bg5 Qc7 7. Nd5 Bxd5 8. exd5 Qe5+ 9. Be3 Nf6 10. c4 e6 11. a3 exd5 12. Be2 Nc6 13. Nxc6 dxc6 14. Bd4 Qg5 15. cxd5 Nxd5 16. Qc2 Qg6 17. Bd3 Qe6+ 18. Kf1 Be7 19. Re1 Qd6 20. Bxg7 Rg8 21. Be5 Qh6 22. Bxh7 Rg5 23. h4 Rh5 24. Bg7 Qd6 25. g4 Rxh7 26. Qxh7 O-O-O 27. Qf5+ Kb7 28. h5 Qc5 29. h6 Qc4+ 30. Kg1 Bc5 31. h7 Nf4 32. h8=Q Rxh8 33. Rxh8 Bxf2+ 34. Kh1 Nd3 35. Re7# 1-0


[Site "https://www.chess.com"]

[Event "Titled Tuesday Blitz February 22 Early 2022"]
[White "Von Buelow, Georg"]
[Black "Melaugh, Shane"]
[WhiteFideId "4620658"]
[BlackFideId "2509580"]
[WhiteElo "2185"]
[BlackElo "2000"]
[Result "1-0"]
[Round "05"]
[TimeControl "180+1"]
[Date "2022.02.22"]
[WhiteClock "0:01:08"]
[BlackClock "0:00:02"]

1. e4 e6 2. d4 d5 3. Nc3 dxe4 4. Nxe4 Nf6 5. Nxf6+ Qxf6 6. Nf3 h6 7. Bd3 c5 8. Qe2 cxd4 9. Bd2 Nc6 10. O-O-O Bd6 11. Kb1 Bd7 12. Rhe1 O-O-O 13. c3 e5 14. cxd4 exd4 15. Be4 Rhe8 16. Ka1 Kb8 17. Qc4 Rc8 18. Qb3 Be6 19. Bd5 Bxd5 20. Qxd5 Rxe1 21. Bxe1 Bb4 22. a3 Bxe1 23. Rxe1 Rd8 24. Qe4 d3 25. Rd1 g5 26. Rxd3 Rxd3 27. Qxd3 a6 28. h3 Qf4 29. Ka2 Ne5 30. Qd6+ Ka7 31. Qxe5 Qc4+ 32. Kb1 Qf1+ 33. Qe1 Qxg2 34. Qe3+ Ka8 35. Qe8+ Ka7 36. Qe3+ Ka8 37. Ne5 Qf1+ 38. Ka2 f6 39. Nd3 f5 40. Qe8+ Ka7 41. Qe3+ Ka8 42. Qd4 f4 43. Qd8+ Ka7 44. Qd4+ Ka8 45. Nc5 Qb5 46. Nd7 Qc6 47. Qh8+ Ka7 48. Qb8# 1-0


[Site "https://www.chess.com"]

[Event "Titled Tuesday Blitz February 22 Early 2022"]
[White "Vovk, Orest"]
[Black "wisdomboy"]
[WhiteFideId "14113490"]
[WhiteElo "2203"]
[BlackElo "2446"]
[Result "1-0"]
[Round "05"]
[TimeControl "180+1"]
[Date "2022.02.22"]
[WhiteClock "0:00:57"]
[BlackClock "0:01:44"]

1. h4 Nf6 2. h5 d5 3. d3 e5 4. h6 g6 5. Nc3 Be6 6. e4 c6 7. Bg5 Be7 8. Nf3 Nbd7 9. Be2 Qb6 10. Qc1 O-O-O 11. O-O Ng8 12. Bxe7 Nxe7 13. Ng5 Kb8 14. Nxe6 fxe6 15. Bg4 c5 16. Qg5 Rde8 17. exd5 Qxb2 18. dxe6 Nb6 19. Qxe5+ Ka8 20. Rab1 Qa3 21. Nb5 Qa4 22. Nc7+ Kb8 23. Na6+ 1-0


[Site "https://www.chess.com"]

[Event "Titled Tuesday Blitz February 22 Early 2022"]
[White "Vusatiuk, Vladimir"]
[Black "Sargissyan, Sargis"]
[WhiteFideId "14118610"]
[BlackFideId "13303210"]
[WhiteElo "2157"]
[BlackElo "2174"]
[Result "0-1"]
[Round "05"]
[TimeControl "180+1"]
[Date "2022.02.22"]
[WhiteClock "0:03:00"]
[BlackClock "0:02:11"]

1. e4 e5 2. Nf3 Nc6 3. Bc4 Bc5 4. c3 Nf6 5. d4 exd4 6. e5 d5 7. Bb5 Ne4 8. cxd4 Bb6 9. Nc3 O-O 10. Be3 Bg4 11. h3 Bh5 12. Qc2 Bg6 13. Qb3 Nxc3 14. Qxc3 Ba5 0-1


[Site "https://www.chess.com"]

[Event "Titled Tuesday Blitz February 22 Early 2022"]
[White "Wagner, Dennis"]
[Black "Moksh Amit Doshi"]
[WhiteFideId "24650684"]
[BlackFideId "25064967"]
[WhiteElo "2355"]
[BlackElo "2245"]
[Result "0-1"]
[Round "05"]
[TimeControl "180+1"]
[Date "2022.02.22"]
[WhiteClock "0:00:01"]
[BlackClock "0:00:25"]

1. Nf3 d5 2. g3 g6 3. Bg2 Bg7 4. O-O Nf6 5. c4 c6 6. b3 O-O 7. Bb2 Bf5 8. d3 Nbd7 9. h3 Re8 10. Nd4 e6 11. Qd2 dxc4 12. bxc4 Nc5 13. g4 Bxg4 14. hxg4 Nxg4 15. Nf3 e5 16. Nc3 Qc7 17. Bh3 h5 18. Rab1 Rad8 19. Qg5 Ne6 20. Qh4 f5 21. Bxg4 fxg4 22. Ng5 Qe7 23. Nce4 Bh6 24. Bc1 Nd4 25. Re1 Nc2 26. Rd1 Nd4 27. Kf1 Rf8 28. Be3 Nf5 29. Qh1 Nxe3+ 30. Kg1 Bxg5 31. Nxg5 Qxg5 32. Rxb7 Qf4 0-1


[Site "https://www.chess.com"]

[Event "Titled Tuesday Blitz February 22 Early 2022"]
[White "Wartiovaara, Oliver"]
[Black "Zheenbekov, Nurgazy"]
[WhiteFideId "513024"]
[BlackFideId "13800485"]
[WhiteElo "1971"]
[BlackElo "1959"]
[Result "0-1"]
[Round "05"]
[TimeControl "180+1"]
[Date "2022.02.22"]
[WhiteClock "0:01:13"]
[BlackClock "0:02:08"]

1. e4 e5 2. Nf3 Nc6 3. Bc4 Nf6 4. d3 Be7 5. Nc3 O-O 6. O-O d6 7. a4 Bg4 8. h3 Bh5 9. Be3 Kh8 10. g4 Nxg4 11. hxg4 Bxg4 12. Kg2 f5 13. Bd5 f4 14. Bxc6 fxe3 15. fxe3 bxc6 16. Rf2 Qe8 17. Qh1 Qg6 18. Kf1 Bxf3 19. Rxf3 Rxf3+ 0-1


[Site "https://www.chess.com"]

[Event "Titled Tuesday Blitz February 22 Early 2022"]
[White "Weishaeutel, Moritz"]
[Black "Iljin, Timofey"]
[WhiteFideId "12967300"]
[BlackFideId "14110180"]
[WhiteElo "2002"]
[BlackElo "2396"]
[Result "1-0"]
[Round "05"]
[TimeControl "180+1"]
[Date "2022.02.22"]
[WhiteClock "0:00:07"]
[BlackClock "0:00:03"]

1. e4 e5 2. Nf3 Nc6 3. Bb5 a6 4. Ba4 Nf6 5. O-O b5 6. Bb3 Bc5 7. c3 d6 8. d4 Bb6 9. h3 O-O 10. Re1 h6 11. Be3 Bb7 12. Nbd2 Re8 13. d5 Ne7 14. Bxb6 cxb6 15. Nf1 Ng6 16. Ng3 Nf4 17. Nh2 Bc8 18. a4 Bd7 19. axb5 axb5 20. Qf3 Qc7 21. Ng4 Nxg4 22. hxg4 g6 23. Ne2 Nxe2+ 24. Qxe2 Ra5 25. Qe3 g5 26. f3 Rea8 27. Rac1 Qc5 28. Kf2 Kg7 29. Ke2 Qc7 30. Rh1 Qd8 31. Rh5 R5a6 32. Rch1 Qf6 33. Qg1 Rh8 34. Qe3 Qf4 35. Qxf4 exf4 36. Kd3 f6 37. Kd4 Be8 38. R5h2 Ra7 39. Rc1 Bf7 40. Rhh1 Rc8 41. c4 bxc4 42. Rxc4 Rxc4+ 43. Bxc4 Ra4 44. Rc1 b5 45. b3 Ra5 46. Bd3 Ra3 47. Rb1 Ra2 48. Bxb5 Rxg2 49. Bd3 Rf2 50. b4 Be8 51. b5 Bxb5 52. Rxb5 Rxf3 53. Rb7+ Kg6 54. Bb5 h5 55. Be8+ Kh6 56. Bxh5 Rg3 57. Rd7 f3 58. Rxd6 f2 59. Rxf6+ Kg7 60. Rxf2 1-0


[Site "https://www.chess.com"]

[Event "Titled Tuesday Blitz February 22 Early 2022"]
[White "Xie, Bryan"]
[Black "Sahin, Handenur"]
[WhiteFideId "30941296"]
[BlackFideId "6334865"]
[WhiteElo "1899"]
[BlackElo "2107"]
[Result "0-1"]
[Round "05"]
[TimeControl "180+1"]
[Date "2022.02.22"]
[WhiteClock "0:00:32"]
[BlackClock "0:01:55"]

1. e4 e5 2. Nf3 Nc6 3. Bc4 Nf6 4. d3 Bc5 5. O-O d6 6. Nbd2 a6 7. a4 Ba7 8. c3 O-O 9. Re1 Ng4 10. Re2 Ne7 11. h3 Nf6 12. Nf1 Ng6 13. Ng3 c6 14. a5 Be6 15. Nf5 Qd7 16. g4 d5 17. Bb3 Rad8 18. Bg5 dxe4 19. dxe4 Bxb3 20. Qxb3 Qd3 21. Bxf6 Qxe2 22. Rf1 Qxf3 23. Bxg7 Nf4 24. Bxf8 Qg2# 0-1


[Site "https://www.chess.com"]

[Event "Titled Tuesday Blitz February 22 Early 2022"]
[White "Xu, Yuanyuan"]
[Black "Hoffmann, Asa"]
[WhiteFideId "8601089"]
[BlackFideId "2001470"]
[WhiteElo "2281"]
[BlackElo "2117"]
[Result "1/2-1/2"]
[Round "05"]
[TimeControl "180+1"]
[Date "2022.02.22"]
[WhiteClock "0:00:34"]
[BlackClock "0:00:22"]

1. d4 Nf6 2. c4 c5 3. d5 e5 4. Nc3 d6 5. e4 Be7 6. Bd3 Nbd7 7. Nge2 Nf8 8. h4 h6 9. f3 a6 10. h5 N6h7 11. f4 exf4 12. Bxf4 Bg5 13. Qd2 Bg4 14. O-O-O Nd7 15. Bc2 Ne5 16. Ba4+ Kf8 17. Bb3 b5 18. cxb5 c4 19. Bc2 axb5 20. a3 b4 21. axb4 Ra1+ 22. Nb1 Nd3+ 23. Bxd3 cxd3 24. Qxd3 Bxf4+ 25. Nxf4 Bxd1 26. Kxd1 Qg5 27. Rf1 Nf6 28. Kc2 Qe5 29. Nc3 Rxf1 30. Qxf1 Kg8 31. Nd3 Qxh5 32. Qf4 Qg4 33. Qxd6 Nxe4 34. Qe7 Qxg2+ 35. Kb3 Nxc3 36. bxc3 Qxd5+ 37. Kc2 Kh7 38. Nf4 Qf5+ 39. Nd3 Rc8 40. Qd6 Qe6 41. Qd4 g6 42. Nf4 Qf5+ 43. Kb3 h5 44. Nd5 Rc6 45. b5 Rd6 46. c4 h4 47. Qxh4+ Kg7 48. Qd4+ f6 49. b6 Qb1+ 50. Kc3 Qa1+ 51. Kd3 Qa3+ 52. Kc2 Qa6 53. Qc5 Re6 54. Qc7+ Kh6 55. Qh2+ Kg7 56. Qc7+ Kh6 57. Qh2+ Kg7 58. Qc7+ 1/2-1/2


[Site "https://www.chess.com"]

[Event "Titled Tuesday Blitz February 22 Early 2022"]
[White "Yilmaz, Mustafa"]
[Black "Assaubayeva, Bibisara"]
[WhiteFideId "6302718"]
[BlackFideId "13708694"]
[WhiteElo "2568"]
[BlackElo "2404"]
[Result "1-0"]
[Round "05"]
[TimeControl "180+1"]
[Date "2022.02.22"]
[WhiteClock "0:00:18"]
[BlackClock "0:00:09"]

1. d4 Nf6 2. c4 g6 3. g3 Bg7 4. Bg2 O-O 5. Nc3 Nc6 6. Nf3 d5 7. cxd5 Nxd5 8. O-O Nb6 9. e3 Re8 10. Qe2 e5 11. dxe5 Nxe5 12. Nxe5 Bxe5 13. e4 Qe7 14. Rd1 Be6 15. Be3 Nc4 16. Bd4 Rad8 17. Bxe5 Nxe5 18. Qe3 b6 19. Nd5 Bxd5 20. exd5 Qb4 21. Qc1 Re7 22. b3 Rde8 23. h3 Nd3 24. Qc2 Nc5 25. Bf1 a5 26. Rac1 Re1 27. a3 Rxf1+ 28. Rxf1 Qxa3 29. Rfe1 Rd8 30. Re3 Qb4 31. Rd1 h5 32. h4 Qg4 33. Kg2 Rd6 34. Re8+ Kh7 35. Qc3 f6 36. Rde1 Rxd5 37. R1e7+ Kh6 38. Rh8# 1-0


[Site "https://www.chess.com"]

[Event "Titled Tuesday Blitz February 22 Early 2022"]
[White "Yuan, Qingyu"]
[Black "Krzywda, Andrzej"]
[WhiteFideId "8609772"]
[BlackFideId "1114565"]
[WhiteElo "2359"]
[BlackElo "2098"]
[Result "1-0"]
[Round "05"]
[TimeControl "180+1"]
[Date "2022.02.22"]
[WhiteClock "0:00:20"]
[BlackClock "0:00:15"]

1. Nf3 c5 2. b3 Nc6 3. Bb2 d6 4. e4 e5 5. Bc4 g6 6. Nc3 Bg7 7. O-O Nge7 8. Ne2 O-O 9. Ng3 Kh8 10. c3 f5 11. Ng5 d5 12. exd5 Nxd5 13. Bxd5 Qxd5 14. c4 Qd3 15. Re1 h6 16. Nf3 e4 17. Bxg7+ Kxg7 18. Nh4 Qd6 19. d3 exd3 20. Qd2 Be6 21. Rad1 Rad8 22. Nf3 Bf7 23. Qc3+ Kh7 24. Re3 Nb4 25. a3 f4 26. Ne4 fxe3 27. Nxd6 e2 28. Re1 Rxd6 29. axb4 Rfd8 30. bxc5 R6d7 31. Nd2 Rd4 32. f3 Be6 33. Kf2 Bc8 34. Ke3 g5 35. Qxd4 Rxd4 36. Kxd4 g4 37. Kxd3 gxf3 38. Nxf3 Bf5+ 39. Kxe2 1-0


[Site "https://www.chess.com"]

[Event "Titled Tuesday Blitz February 22 Early 2022"]
[White "Yushko, Olga"]
[Black "Bintang, Rasyid A. Hidayat"]
[WhiteFideId "14114500"]
[BlackFideId "7105355"]
[WhiteElo "2028"]
[BlackElo "2356"]
[Result "1-0"]
[Round "05"]
[TimeControl "180+1"]
[Date "2022.02.22"]
[WhiteClock "0:00:18"]
[BlackClock "0:00:05"]

1. d4 d5 2. c4 Nc6 3. Nf3 Bg4 4. e3 e5 5. dxe5 dxc4 6. Qxd8+ Rxd8 7. Bxc4 Nxe5 8. Be2 Nd3+ 9. Bxd3 Rxd3 10. Nc3 c6 11. Ke2 Rd8 12. h3 Bxf3+ 13. Kxf3 Bc5 14. Rd1 Nf6 15. a3 O-O 16. b4 Bb6 17. Bb2 Rxd1 18. Rxd1 Rd8 19. Rxd8+ Bxd8 20. Na4 Nd7 21. Bd4 b6 22. Ke4 Kf8 23. Nb2 Bc7 24. Nd3 f6 25. Nf4 Ke7 26. Nh5 Kf7 27. Nf4 g5 28. Ne2 Ke6 29. Bc3 f5+ 30. Kf3 Ne5+ 31. Kg3 Ng4+ 32. f4 Nxe3 33. Nd4+ Kd5 34. Kf3 Bxf4 35. g3 Nd1 36. Ba1 Be5 37. Nc2 Bxa1 38. Nxa1 Kc4 39. Ke2 Nc3+ 40. Ke3 Nb1 41. Nc2 Kb3 42. Nd4+ Kxa3 43. Nxc6 a5 44. bxa5 bxa5 45. Nxa5 Kb4 46. Nc6+ Kc5 47. Ne7 Kd6 48. Nxf5+ Ke5 49. Ne7 Nc3 50. Kf3 Nd5 51. Nxd5 Kxd5 52. Kg4 Ke4 53. Kxg5 Kf3 54. g4 Kg3 55. h4 h6+ 56. Kh5 Kf4 57. g5 hxg5 58. hxg5 1-0


[Site "https://www.chess.com"]

[Event "Titled Tuesday Blitz February 22 Early 2022"]
[White "Zaksaite, Salomeja"]
[Black "Kozelov, Roman"]
[WhiteFideId "12801496"]
[BlackFideId "14133377"]
[WhiteElo "2002"]
[BlackElo "2160"]
[Result "1-0"]
[Round "05"]
[TimeControl "180+1"]
[Date "2022.02.22"]
[WhiteClock "0:00:32"]
[BlackClock "0:00:33"]

1. e4 e6 2. d4 d5 3. Nc3 Bb4 4. e5 c5 5. a3 Bxc3+ 6. bxc3 Ne7 7. Qg4 Kf8 8. Nf3 Qa5 9. Bd2 Qa4 10. Ra2 Nbc6 11. Bd3 a6 12. O-O b5 13. h4 h6 14. Qf4 Rb8 15. h5 Ke8 16. dxc5 Qxf4 17. Bxf4 Bd7 18. a4 b4 19. Bxa6 bxc3 20. Bb5 Nb4 21. Ra3 Bxb5 22. axb5 Nxc2 23. Rxc3 Nb4 24. Nd4 Nf5 25. Nxf5 exf5 26. Rb1 Nc6 27. e6 Rb7 28. Ra1 Rxb5 29. Ra8+ Nd8 30. c6 fxe6 31. c7 Kd7 32. c8=Q+ 1-0


[Site "https://www.chess.com"]

[Event "Titled Tuesday Blitz February 22 Early 2022"]
[White "Zlatin, Alexander"]
[Black "Atakhan, Abtin"]
[WhiteFideId "2810549"]
[BlackFideId "22502203"]
[WhiteElo "2228"]
[BlackElo "2119"]
[Result "0-1"]
[Round "05"]
[TimeControl "180+1"]
[Date "2022.02.22"]
[WhiteClock "0:00:02"]
[BlackClock "0:00:06"]

1. e4 c6 2. d4 d5 3. exd5 cxd5 4. Bd3 Nf6 5. c3 Bg4 6. Qb3 Qc7 7. Nd2 Nc6 8. Ngf3 e6 9. O-O Bd6 10. h3 Bh5 11. Re1 O-O 12. Bb5 Na5 13. Qc2 a6 14. Bd3 Nc6 15. Ng5 h6 16. Ngf3 Ne7 17. Ne5 Bxe5 18. Rxe5 Bg6 19. Nf3 Bxd3 20. Qxd3 Ng6 21. Re2 Ne4 22. Be3 b5 23. a4 Qc4 24. Qxc4 bxc4 25. Nd2 Nxd2 26. Rxd2 Rfb8 27. g4 Ne7 28. Bf4 Rb3 29. Bd6 Nc6 30. f4 Ra7 31. Kf1 Rab7 32. Ba3 a5 33. Ke1 Nb4 34. Bxb4 axb4 35. cxb4 R7xb4 36. a5 Rb7 37. a6 Ra7 38. h4 Rb6 39. Kd1 Kf8 40. Kc2 Ke7 41. Re2 Rbxa6 42. Rxa6 Rxa6 43. f5 Ra1 44. Kc3 Rd1 45. Kb4 Rxd4 46. Kc5 Rxg4 47. fxe6 fxe6 48. Rh2 h5 49. Kc6 d4 50. Kc5 d3 51. Kb5 Re4 52. Kb4 Kd6 53. Kc3 Kd5 54. Rg2 Re2 55. Rg5+ e5 56. Rxg7 Rc2+ 57. Kb4 Rxb2+ 58. Kc3 Rc2+ 59. Kb4 Kd4 60. Rc7 Rb2+ 61. Ka3 Rb3+ 62. Ka2 d2 63. Rd7+ Kc3 64. Rc7 Rb2+ 65. Ka3 Rb8 0-1


[Site "https://www.chess.com"]

[Event "Titled Tuesday Blitz February 22 Early 2022"]
[White "Aaditya Dhingra"]
[Black "Baker, Chris W"]
[WhiteFideId "25678191"]
[BlackFideId "401676"]
[WhiteElo "1789"]
[BlackElo "2220"]
[Result "1-0"]
[Round "06"]
[TimeControl "180+1"]
[Date "2022.02.22"]
[WhiteClock "0:01:53"]
[BlackClock "0:01:38"]

1. e4 e5 2. Nf3 Nc6 3. Bb5 a6 4. Bxc6 dxc6 5. O-O f6 6. d4 exd4 7. Nxd4 c5 8. Nb3 Qxd1 9. Rxd1 Bd7 10. Bf4 O-O-O 11. Nc3 b6 12. Nd5 c4 13. Nd2 Bg4 14. f3 Bc5+ 15. Kf1 c6 16. Nxb6+ Bxb6 17. Nxc4 Rxd1+ 18. Rxd1 Be6 19. Nxb6+ Kb7 20. Nd7 Bxa2 21. b3 1-0


[Site "https://www.chess.com"]

[Event "Titled Tuesday Blitz February 22 Early 2022"]
[White "Agibileg, Uurtsaikh"]
[Black "Piesik, Piotr"]
[WhiteFideId "4901606"]
[BlackFideId "1136194"]
[WhiteElo "2205"]
[BlackElo "2232"]
[Result "0-1"]
[Round "06"]
[TimeControl "180+1"]
[Date "2022.02.22"]
[WhiteClock "0:00:04"]
[BlackClock "0:00:31"]

1. d4 c5 2. d5 e5 3. e4 d6 4. Nc3 Be7 5. Bd3 Bg5 6. Nf3 Bxc1 7. Qxc1 Ne7 8. O-O O-O 9. Nd2 Ng6 10. g3 Bh3 11. Re1 a6 12. a4 Nd7 13. Nc4 Nf6 14. Bf1 Bxf1 15. Rxf1 Ne8 16. a5 Ne7 17. Nb6 Rb8 18. Qg5 h6 19. Qh4 f5 20. f4 exf4 21. Qxf4 Ng6 22. Qf2 f4 23. Ne2 f3 24. Ra3 fxe2 25. Qxe2 Rxf1+ 26. Qxf1 Ne5 27. Qf5 Qe7 28. Ra1 Nc7 29. Rf1 Rf8 30. Qxf8+ Qxf8 31. Rxf8+ Kxf8 32. Kf2 Ke7 33. h3 Ne8 34. Ke3 Kd8 35. c3 Nf6 36. b4 cxb4 37. cxb4 Nfd7 38. Na4 g5 39. Nb2 Nf6 40. Nd1 h5 41. Kd4 Kd7 42. Ne3 Nf3+ 43. Kd3 Ng1 44. h4 gxh4 45. gxh4 Nf3 46. Nf5 Ng4 47. Ke2 Nfe5 48. Ng7 Nf6 49. Ke3 Ng6 50. Nf5 Ng4+ 51. Kf3 N4e5+ 52. Ke3 Ne7 53. Ng7 N5g6 54. Nxh5 Nxh4 55. Nf6+ Kc7 56. Ne8+ Kd7 57. Nf6+ Kd8 58. e5 dxe5 59. Ke4 Nhg6 60. Ng4 Kd7 61. Ne3 Nc8 62. Kf5 Nce7+ 63. Ke4 Nf4 64. Kxe5 Nd3+ 65. Kd4 Nxb4 66. Kc5 Na2 67. Kb6 Kc8 68. d6 Nc6 69. Nd5 Nab4 70. Nf6 Nb8 71. Ka7 N4c6+ 72. Ka8 Nd7 73. Nd5 Nxa5 74. Ka7 Nc6+ 75. Ka8 b5 76. Ne7+ Nxe7 77. dxe7 Nf6 78. Ka7 b4 0-1


[Site "https://www.chess.com"]

[Event "Titled Tuesday Blitz February 22 Early 2022"]
[White "Ambartsumova, Karina"]
[Black "Gormally, Daniel W"]
[WhiteFideId "4166299"]
[BlackFideId "406465"]
[WhiteElo "2262"]
[BlackElo "2543"]
[Result "0-1"]
[Round "06"]
[TimeControl "180+1"]
[Date "2022.02.22"]
[WhiteClock "0:00:10"]
[BlackClock "0:00:31"]

1. d4 f5 2. Nf3 Nf6 3. g3 g6 4. Bg2 Bg7 5. O-O O-O 6. b3 d6 7. Bb2 Qe8 8. c4 Nc6 9. d5 Nd8 10. Nc3 c6 11. Nd4 c5 12. Nf3 Nf7 13. Qc2 e5 14. dxe6 Bxe6 15. Rad1 Qe7 16. Rfe1 Rae8 17. Nd2 Ne5 18. Nf1 Nfg4 19. h3 Nxf2 20. Kxf2 f4 21. Kg1 fxg3 22. Nd5 Qf7 23. Nxg3 Qf2+ 24. Kh2 Nf3+ 25. exf3 Qxc2 26. Bxg7 Kxg7 27. Nc7 Bf7 28. Nxe8+ Rxe8 29. Rxe8 Bxe8 30. Rxd6 Bc6 31. Ne4 Qxa2 32. Kg3 Qb2 33. Re6 Qd4 34. Re7+ Kf8 35. Rxh7 Qe5+ 36. Kf2 Qb2+ 37. Kg3 Qxb3 38. Nxc5 Qe3 39. Ne4 Bxe4 0-1


[Site "https://www.chess.com"]

[Event "Titled Tuesday Blitz February 22 Early 2022"]
[White "Araujo Filho, Luiz Antonio Coel"]
[Black "Manon, Reja Neer"]
[WhiteFideId "2130661"]
[BlackFideId "10224009"]
[WhiteElo "2187"]
[BlackElo "1911"]
[Result "1-0"]
[Round "06"]
[TimeControl "180+1"]
[Date "2022.02.22"]
[WhiteClock "0:00:05"]
[BlackClock "0:00:21"]

1. d4 c5 2. e3 cxd4 3. exd4 Nf6 4. Nf3 g6 5. Be2 Bg7 6. O-O d5 7. c3 Nc6 8. Bg5 O-O 9. Re1 Ne4 10. Bh4 f5 11. h3 Qb6 12. Qc1 h6 13. Nbd2 g5 14. Bg3 f4 15. Bh2 Bf5 16. Bd1 Rae8 17. Bc2 Nd6 18. Ne5 Bxc2 19. Qxc2 Nxe5 20. dxe5 Nf5 21. Nf3 e6 22. Rad1 Rc8 23. Qb1 Rfd8 24. Nd4 Ne7 25. g3 fxg3 26. Bxg3 Rc4 27. h4 Rxd4 28. Rxd4 Nf5 29. Rd3 gxh4 30. Bf4 Qa6 31. Rh3 Qc4 32. Qc1 d4 33. Kh2 dxc3 34. bxc3 Rd3 35. Rg1 Rxh3+ 36. Kxh3 Qd3+ 37. Kh2 Qf3 38. Bxh6 Qxf2+ 39. Rg2 Qg3+ 40. Rxg3 hxg3+ 41. Kg2 Bxh6 42. Qd1 Bf4 43. Qd8+ Kf7 44. Qd7+ Ne7 45. Qxb7 Bxe5 46. Qxa7 Kf6 47. Qe3 Nd5 48. Qh6+ Ke7 49. c4 Nf4+ 50. Kf3 g2 51. Qg5+ Kd6 52. a4 Kc6 53. a5 Bc7 54. Qb5+ Kd6 55. Kf2 Ke7 56. c5 Nh3+ 57. Kxg2 Nf4+ 58. Kf3 Nd3 59. Qxd3 Bd6 60. Qb5 Kf6 61. cxd6 Kg6 62. a6 Kh6 63. a7 e5 64. a8=Q e4+ 65. Kxe4 Kg6 66. d7 Kh6 67. d8=Q Kg6 68. Qd6+ Kh7 69. Qbb7# 1-0


[Site "https://www.chess.com"]

[Event "Titled Tuesday Blitz February 22 Early 2022"]
[White "Ardila, Oscar Humberto"]
[Black "Dauner, Benedikt"]
[WhiteFideId "4404742"]
[BlackFideId "16225899"]
[WhiteElo "1898"]
[BlackElo "2230"]
[Result "0-1"]
[Round "06"]
[TimeControl "180+1"]
[Date "2022.02.22"]
[WhiteClock "0:00:11"]
[BlackClock "0:01:47"]

1. d4 Nf6 2. c4 g6 3. Nc3 Bg7 4. e4 O-O 5. Nf3 d6 6. Be2 Nc6 7. O-O e5 8. d5 Ne7 9. b4 a5 10. bxa5 Nd7 11. Bg5 h6 12. Bxe7 Qxe7 13. Nb5 Nc5 14. Qc2 f5 15. Nd2 f4 16. Qd1 Rxa5 17. Bg4 Bxg4 18. Qxg4 Kh7 19. Nb3 Rxb5 20. cxb5 Nxe4 21. Qe6 Qg5 22. f3 Nc3 23. Rae1 e4 24. Rxe4 Nxe4 25. Qxe4 Ra8 26. a4 Qe5 27. Re1 Rxa4 28. Qxe5 Bxe5 29. Rc1 Rb4 30. Rxc7+ Kg8 31. Nd2 Rxb5 32. Ne4 Rb1+ 33. Kf2 Rb2+ 34. Kf1 b5 35. g3 g5 36. gxf4 gxf4 37. h4 b4 38. h5 b3 39. Rb7 Rb1+ 40. Ke2 b2 41. Nd2 Rh1 42. Kd3 Rxh5 43. Ke4 Rh2 44. Nb1 Rh1 45. Na3 Ra1 46. Rb8+ Kh7 47. Kf5 Rxa3 48. Rb7+ Bg7 49. Ke6 Ra6 50. Kf5 Ra1 51. Ke6 b1=Q 0-1


[Site "https://www.chess.com"]

[Event "Titled Tuesday Blitz February 22 Early 2022"]
[White "Assaubayeva, Bibisara"]
[Black "Garagulya, Konstantin"]
[WhiteFideId "13708694"]
[BlackFideId "4128931"]
[WhiteElo "2404"]
[BlackElo "2329"]
[Result "1/2-1/2"]
[Round "06"]
[TimeControl "180+1"]
[Date "2022.02.22"]
[WhiteClock "0:00:06"]
[BlackClock "0:00:10"]

1. d4 Nf6 2. c4 e6 3. Nf3 d5 4. Nc3 Be7 5. Bf4 O-O 6. e3 b6 7. Qc2 Bb7 8. h3 c5 9. dxc5 bxc5 10. Rd1 Nbd7 11. Be2 Qa5 12. O-O Rfd8 13. a3 Rac8 14. Ne5 Nf8 15. Bf3 Ng6 16. Nxg6 hxg6 17. Bg5 Ba6 18. Be2 Bxc4 19. Bxc4 dxc4 20. Ne4 Qb5 21. Nd2 Rd5 22. Bxf6 Bxf6 23. Nxc4 Rcd8 24. b3 Qd7 25. Rc1 Qc7 26. g3 Rd3 27. Rfd1 Rc3 28. Rxd8+ Qxd8 29. Qb1 Qd3 30. Qxd3 Rxd3 31. b4 cxb4 32. axb4 Rb3 33. Nd6 Rxb4 34. Rc8+ Kh7 35. Nxf7 g5 36. Ra8 a5 37. Rxa5 Kg6 38. Ne5+ Bxe5 39. Rxe5 Kf6 40. Ra5 Rb1+ 41. Kg2 Rb2 42. Rc5 Ra2 43. Kf3 Rb2 44. Rc3 Ra2 45. e4 Rb2 46. Re3 Rb4 47. Ra3 Rc4 48. Ra5 Rc2 49. Ke3 Rb2 50. Kf3 Rc2 51. h4 gxh4 52. gxh4 Rb2 53. Kg3 Rb4 54. f3 Rb1 55. Kf4 Rh1 56. h5 Rh4+ 57. Kg3 Rh1 58. Kg4 Rg1+ 59. Kf4 Rh1 60. e5+ Kf7 61. Ra7+ Kf8 62. Kg5 Rg1+ 63. Kf4 Rh1 64. Ra8+ Kf7 65. Ra7+ Kf8 1/2-1/2


[Site "https://www.chess.com"]

[Event "Titled Tuesday Blitz February 22 Early 2022"]
[White "Atakhan, Abtin"]
[Black "Buscar, Michael"]
[WhiteFideId "22502203"]
[BlackFideId "2603616"]
[WhiteElo "2119"]
[BlackElo "2010"]
[Result "1-0"]
[Round "06"]
[TimeControl "180+1"]
[Date "2022.02.22"]
[WhiteClock "0:00:14"]
[BlackClock "0:00:01"]

1. e4 e5 2. Nf3 Nf6 3. Nxe5 d6 4. Nf3 Nxe4 5. Nc3 Nxc3 6. dxc3 Be7 7. Be3 Be6 8. Qd2 Nd7 9. O-O-O Nb6 10. Kb1 Nc4 11. Bxc4 Bxc4 12. Qd4 Be6 13. Qxg7 Bf6 14. Qh6 Rg8 15. Bd4 Bxd4 16. Nxd4 Qd7 17. Qxh7 O-O-O 18. Nxe6 Qxe6 19. g3 Rg6 20. h4 Qf6 21. h5 Rh6 22. Qd3 Qxf2 23. Rdf1 Qg2 24. Qf5+ Kb8 25. g4 f6 26. Rhg1 Qc6 27. Qe6 Qc5 28. Rg2 Qg5 29. a3 a6 30. Rgf2 Rg8 31. Rxf6 Rxf6 32. Rxf6 Qxg4 33. Rf8+ Ka7 34. Qxg8 1-0


[Site "https://www.chess.com"]

[Event "Titled Tuesday Blitz February 22 Early 2022"]
[White "Baches Garcia, Guillermo"]
[Black "Goryachkina, Aleksandra"]
[WhiteFideId "2209764"]
[BlackFideId "4147103"]
[WhiteElo "2408"]
[BlackElo "2426"]
[Result "0-1"]
[Round "06"]
[TimeControl "180+1"]
[Date "2022.02.22"]
[WhiteClock "0:00:15"]
[BlackClock "0:00:15"]

1. e4 c5 2. Nf3 e6 3. c4 Nc6 4. Nc3 Nf6 5. d4 cxd4 6. Nxd4 Bb4 7. Nxc6 bxc6 8. Bd3 e5 9. O-O O-O 10. Qe2 d6 11. Na4 Be6 12. a3 Ba5 13. b4 Bc7 14. Bg5 h6 15. Bh4 Qe7 16. Rac1 g5 17. Bg3 Nd7 18. c5 d5 19. exd5 Bxd5 20. Nc3 f5 21. Nxd5 cxd5 22. f3 Rae8 23. Rfe1 f4 24. Bf2 Nf6 25. Bg6 Rd8 26. b5 Qg7 27. Bf5 h5 28. b6 axb6 29. cxb6 Bb8 30. a4 g4 31. Bh4 gxf3 32. Qxf3 e4 33. Qh3 f3 34. a5 Ng4 35. Bxd8 f2+ 36. Kh1 fxe1=Q+ 37. Rxe1 Nf2+ 38. Kg1 Nxh3+ 39. Bxh3 Rxd8 40. a6 Qd4+ 41. Kh1 Qxb6 0-1


[Site "https://www.chess.com"]

[Event "Titled Tuesday Blitz February 22 Early 2022"]
[White "Barrientos, Sergio E"]
[Black "Sanchez Alvares, Kelvin Antonio"]
[WhiteFideId "4401824"]
[BlackFideId "3906680"]
[WhiteElo "2441"]
[BlackElo "2193"]
[Result "1-0"]
[Round "06"]
[TimeControl "180+1"]
[Date "2022.02.22"]
[WhiteClock "0:01:43"]
[BlackClock "0:01:59"]

1. d4 Nf6 2. c4 e6 3. Nc3 c5 4. d5 exd5 5. cxd5 d6 6. e4 g6 7. f4 Bg7 8. Bd3 Nfd7 9. Nf3 O-O 10. O-O Na6 11. f5 Ne5 12. Nxe5 Bxe5 13. Bh6 Re8 14. Qf3 f6 15. h4 Qe7 16. a3 Nc7 17. Rae1 Bd7 18. Ne2 b5 19. Nf4 gxf5 20. exf5 Kh8 21. Ne6 Bxe6 22. fxe6 Rg8 23. Rxe5 dxe5 24. Qxf6+ Qxf6 25. Rxf6 Nxd5 26. Rf7 Rg6 27. Bxg6 hxg6 28. e7 Nxe7 29. Rxe7 1-0


[Site "https://www.chess.com"]